Map: Blackpink LE

Players

Hurricane - Winner!

  • Race: Protoss Protoss
  • Spawn Location: 1:00

Patience

  • Race: Protoss Protoss
  • Spawn Location: 7:00

Event: IEM Season 12 - Katowice

VOD

Have the link to the VOD?

Description

Time

  • Played on: Feb. 27, 2018, 11:27 a.m.
  • Length: 8:06

All games in this series

Show
View Real Time Build Order
Export as new Build Order

Hurricane Protoss - Winner!

Build Orders: Oracle Opening 

Get SALT Encoding   

  12  0:00  Probe  
  13  0:12  Probe  
  14  0:17  Pylon  
  14  0:24  Probe (Chrono Boost)  
  15  0:36  Probe (Chrono Boost)  
  15  0:37  Gateway  
  16  0:44  Probe (Chrono Boost)  
  16  0:45  Assimilator  
  17  0:51  Probe  
  18  0:57  Assimilator  
  18  1:03  Probe (Chrono Boost)  
  19  1:08  Gateway  
  19  1:15  Probe (Chrono Boost)  
  20  1:20  Probe (Chrono Boost)  
  20  1:25  Cybernetics Core  
  21  1:29  Probe  
  22  1:37  Pylon  
  22  1:42  Probe  
  23  1:55  Probe  
  24  2:02  Adept x2  
  24  2:03  Warp Gate  
  28  2:11  Pylon  
  28  2:19  Stargate  
  28  2:31  Stalker  
  28  2:34  Stalker  
  32  2:40  Probe  
  32  2:59  Oracle (Chrono Boost)  
  32  3:02  Pylon  
  35  3:16  Probe  
  36  3:21  Shield Battery  
  36  3:32  Nexus  
  36  3:34  Oracle (Chrono Boost)  
  39  3:41  Probe  
  38  3:53  Probe  
  39  4:05  Probe (Chrono Boost)  
  38  4:14  Robotics Facility  
  38  4:16  Twilight Council  
  36  4:17  Probe (Chrono Boost)  
  35  4:26  Probe (Chrono Boost)  
  35  4:28  Adept x2  
  40  4:32  Probe  
  38  4:45  Probe (Chrono Boost)  
  38  4:49  Probe (Chrono Boost)  
  38  5:00  Probe (Chrono Boost)  
  38  5:01  Probe (Chrono Boost)  
  38  5:03  Resonating Glaives  
  38  5:09  Probe  
  38  5:10  Probe  
  40  5:20  Immortal  
  44  5:22  Probe (Chrono Boost)  
  44  5:23  Probe (Chrono Boost)  
  45  5:28  Sentry x2  
  50  5:38  Probe x2 (Chrono Boost)  
  51  5:43  Probe (Chrono Boost)  
  51  5:45  Probe  
  51  5:46  Gateway  
  53  5:54  Gateway  
  53  5:55  Probe  
  54  5:57  Probe  
  54  6:00  Stalker  
  57  6:11  Observer (Chrono Boost)  
  58  6:14  Gateway x2  
  58  6:18  Probe  
  59  6:22  Pylon  
  55  6:39  Warp Prism (Chrono Boost)  
  51  6:40  Probe x2  
  55  6:49  Sentry x2  
  55  6:50  Adept x2  
  55  6:54  Gateway  
  60  6:56  Probe  
  60  6:59  Shield Battery  
  60  7:00  Probe  
  62  7:09  Pylon  
  62  7:12  Pylon  
  63  7:27  Adept x4  
  63  7:28  Sentry  
  63  7:29  Adept  
  66  7:52  Adept x6  
  70  8:02  Adept  
Show
View Real Time Build Order
Export as new Build Order

Patience Protoss 

Build Orders:  

Get SALT Encoding   

  12  0:00  Probe  
  13  0:12  Probe  
  14  0:17  Pylon  
  14  0:25  Probe (Chrono Boost)  
  16  0:37  Probe (Chrono Boost)  
  16  0:39  Gateway  
  16  0:42  Probe (Chrono Boost)  
  16  0:46  Assimilator  
  17  0:51  Probe (Chrono Boost)  
  17  0:54  Assimilator  
  18  1:03  Probe (Chrono Boost)  
  19  1:10  Gateway  
  19  1:12  Probe (Chrono Boost)  
  19  1:18  Probe  
  21  1:28  Cybernetics Core  
  21  1:30  Probe  
  22  1:35  Pylon  
  22  1:42  Probe  
  24  1:54  Probe  
  24  2:02  Warp Gate (Chrono Boost)  
  24  2:04  Adept, Sentry  
  24  2:06  Probe  
  29  2:12  Pylon  
  29  2:15  Shield Battery  
  29  2:25  Pylon  
  29  2:31  Stalker x2  
  33  2:55  Nexus  
  33  3:06  Stalker  
  33  3:11  Shield Battery  
  35  3:14  Sentry  
  35  3:19  Robotics Facility  
  37  3:21  Probe  
  37  3:26  Pylon  
  38  3:35  Probe  
  35  3:48  Probe  
  36  3:57  Adept x2  
  36  4:00  Probe  
  37  4:12  Probe (Chrono Boost)  
  37  4:14  Stargate  
  38  4:23  Probe x2 (Chrono Boost)  
  38  4:26  Adept  
  38  4:27  Adept  
  38  4:28  Probe (Chrono Boost)  
  38  4:29  Probe (Chrono Boost)  
  44  4:38  Probe  
  37  4:46  Probe (Chrono Boost)  
  37  4:50  Probe (Chrono Boost)  
  37  4:52  Adept  
  40  4:57  Phoenix (Chrono Boost)  
  42  5:03  Probe (Chrono Boost)  
  43  5:08  Probe (Chrono Boost)  
  43  5:14  Probe (Chrono Boost), Observer  
  46  5:19  Probe (Chrono Boost)  
  43  5:23  Probe (Chrono Boost)  
  43  5:24  Probe (Chrono Boost)  
  43  5:25  Oracle (Chrono Boost)  
  46  5:33  Probe  
  46  5:34  Probe  
  47  5:44  Immortal (Chrono Boost)  
  47  5:47  Probe  
  52  5:50  Probe  
  52  5:55  Pylon  
  53  6:03  Probe  
  54  6:05  Assimilator  
  54  6:07  Assimilator  
  54  6:12  Forge  
  54  6:13  Probe  
  54  6:15  Pylon  
  55  6:22  Immortal (Chrono Boost)  
  57  6:42  Stalker x2  
  54  6:51  Probe x2, Warp Prism (Chrono Boost)  
  56  7:00  Pylon  
  56  7:03  Probe  
  56  7:04  Probe  
  56  7:06  Observer  
  58  7:09  Twilight Council  
  58  7:19  Probe x2  
  60  7:29  Adept x2  
  63  7:36  Probe x2, Shield Battery  
  54  7:54  Adept x2  

Tags
 
Add a new tag
Caveats
  • Supply blocks, unpowered buildings, or Contaminate may cause inaccurate times.
  • Supply counts are checked every 10 seconds.